 Dungeon Crawl Stone Soup version 0.29.1-12-g30fa7ad0bf (webtiles) character file.

Game seed: 7196572387827422004

95 Groucho the Digger (level 4, -3/21 HPs)
             Began as a Spriggan Earth Elementalist on Dec 27, 2022.
             Killed from afar by an orc wizard (5 damage)
             ... with a magic dart
             ... on level 3 of the Dungeon.
             The game lasted 00:06:17 (5346 turns).

Groucho the Digger (Spriggan Earth Elementalist)    Turns: 5346, Time: 00:06:18

Health: -3/21      AC:  3    Str:  4 (6)  XL:     4   Next: 39%
Magic:  1/10       EV: 17    Int: 13 (16) God:
Gold:   198        SH:  0    Dex: 14 (15) Spells: 7/10 levels left

rFire   . . .      SeeInvis +   f - +0 spear
rCold   . . .      Faith    .   (no shield)
rNeg    . . .      Spirit   .   a - +0 robe
rPois   .          Reflect  .   (helmet restricted)
rElec   .          Harm     .   e - +0 cloak
rCorr   .          Rampage  .   (gloves unavailable)
Will    .....                   (boots unavailable)
Stlth   ++........              (no amulet)
HPRegen 0.07/turn               (no ring)
MPRegen 0.12/turn               (no ring)

@: very quick
A: very small, no large weapons, unfitting armour, see invisible, speed 3
a: no special abilities


You were on level 3 of the Dungeon.
You visited 1 branch of the dungeon, and saw 3 of its levels.

You collected 198 gold pieces.

Inventory:

Hand Weapons
 d - a +0 short sword
 f - a +0 spear (weapon)
Missiles
 g - 23 stones
 l - 3 boomerangs of dispersal
 u - 12 poisoned darts
Armour
 a - a +0 robe (worn)
 e - a +0 cloak (worn)
Wands
 r - a wand of quicksilver (6)
Scrolls
 c - 3 scrolls of identify {unknown}
 h - a scroll of poison {unknown}
 m - a scroll of teleportation {unknown}
 n - 2 scrolls of blinking {unknown}
 t - 2 scrolls of amnesia {unknown}
Potions
 b - a potion of magic
 j - a potion of degeneration
 k - 2 potions of berserk rage {unknown}
 o - a potion of flight {unknown}
 p - 2 potions of lignification {unknown}
 q - a potion of cancellation {unknown}
 s - 2 potions of brilliance {unknown}


   Skills:
 + Level 0.1 Polearms
 + Level 2.9 Dodging
 - Level 3.0 Stealth
 + Level 3.9 Spellcasting
 - Level 1.3 Transmutations
 * Level 4.1 Earth Magic


You had 7 spell levels left.
You knew the following spells:

 Your Spells              Type           Power      Damage    Failure   Level
a - Sandblast             Erth           26%        2d8       3%          1
b - Passwall              Tmut/Erth      7%         N/A       11%         2

Your spell library contained the following spells:

 Spells                   Type           Power      Damage    Failure   Level
 Stone Arrow              Conj/Erth      14%        3d7       26%         3
 Petrify                  Tmut/Erth      9%         N/A       56%         4


Dungeon Overview and Level Annotations

Branches:
Dungeon (3/15)

Altars:
Hepliaklqana
The Shining One


Innate Abilities, Weirdness & Mutations

You are very small and have problems with some larger weapons.
You are too small for most types of armour.
You have supernaturally acute eyesight. (SInv)
You cover ground extremely quickly. (Speed+++)


Message History

Unknown command.
Casting: Sandblast (safe; 3% risk of failure)
Confirm with . or Enter, or press ? or * to list all spells.
Aiming: Sandblast (safe; 3% risk of failure)
Press: ? - help, Shift-Dir - straight line, f/p - orc wizard
Aim: an orc wizard, wielding a +1 dagger of protection and wearing a +0 robe (severely wounded, 77% to hit)
The blast of sand hits the orc wizard but does no damage.
The orc wizard is severely wounded.
The orc wizard gestures wildly while chanting.
The orc wizard flickers and vanishes for a moment.
Unknown command.
Unknown command.
Casting: Sandblast (safe; 3% risk of failure)
Confirm with . or Enter, or press ? or * to list all spells.
Aiming: Sandblast (safe; 3% risk of failure)
Press: ? - help, Shift-Dir - straight line, f/p - orc wizard
Aim: an orc wizard, wielding a +1 dagger of protection and wearing a +0 robe (severely wounded, slightly transparent, 77% to hit)
The blast of sand hits the orc wizard but does no damage.
The orc wizard is severely wounded.
Unknown command.
The orc wizard points at you and mumbles some strange words.
The magic dart hits you.
* * * LOW HITPOINT WARNING * * *
Casting: Sandblast (safe; 3% risk of failure)
Confirm with . or Enter, or press ? or * to list all spells.
Aiming: Sandblast (safe; 3% risk of failure)
Press: ? - help, Shift-Dir - straight line, f/p - orc wizard
Aim: an orc wizard, wielding a +1 dagger of protection and wearing a +0 robe (severely wounded, slightly transparent, 77% to hit)
The blast of sand hits the orc wizard but does no damage.
The orc wizard is severely wounded.
You hit the orc wizard but do no damage.
The orc wizard is severely wounded.
The orc wizard hits you with a +1 dagger of protection.
* * * LOW HITPOINT WARNING * * *
It was a potion of degeneration.
There was something very wrong with that liquid.
You feel weakened.
You feel dopey.
You feel clumsy.
The orc wizard gestures at you while chanting.
The magic dart hits you.
You die...

........##.##......#
##.#♣♣.
........##.######.##
#...... ........##.#
###.### #..#♣♣.
.......###.# #.....
#).# ♣. ........ .#
##....# ####.###.
........ #.....#.
##........ ........
###.....#.###..#######
........ #
#....(..#...#.##
........ #.# #.@..#
#...## .......#
#...##.o..###....#
..............##.#####
...###....##.###.....##
. #....##.# #####....
##.####.# ## #.# #.# ##
##.# #.## #. #..#
#...########.


You could see an orc wizard (invisible).

Vanquished Creatures
  5 adders
  2 worms (D:2)
  3 orcs (D:3)
  6 bats
  2 endoplasms
  2 goblins
  3 hobgoblins (D:2)
  6 kobolds
  2 quokkas
  7 ball pythons
  A frilled lizard (D:2)
  A rat (D:2)
40 creatures vanquished.

Vanquished Creatures (others)
  7 plants (D:1)
7 creatures vanquished.

Grand Total: 47 creatures vanquished

Notes
Turn   | Place    | Note
-------+----------+-------------------------------------------
     0 | D:1      | Groucho the Spriggan Earth Elementalist began the quest for
                  | the Orb.
     0 | D:1      | Reached XP level 1. HP: 9/9 MP: 5/5
   420 | D:1      | Reached skill level 3 in Earth Magic
   801 | D:1      | Reached XP level 2. HP: 13/13 MP: 4/6
   804 | D:1      | Learned a level 2 spell: Passwall
  2748 | D:2      | Reached XP level 3. HP: 16/16 MP: 5/8
  4320 | D:3      | Reached XP level 4. HP: 21/21 MP: 7/10
  4325 | D:3      | Reached skill level 4 in Earth Magic
  4850 | D:3      | Found a hazy altar of Hepliaklqana.
  4895 | D:3      | Found a glowing golden altar of the Shining One.
  5346 | D:3      | Killed from afar by an orc wizard

Illustrated notes

Levels and vault maps discovered:
D:1:      roderic_crop_circles_arrival_small, layout_loops_ring, serial_rivers,
          chequers_serial_rivers_large_a, chequers_serial_rivers_micro_b,
          chequers_serial_rivers_micro_a, chequers_serial_rivers_room_a,
          chequers_serial_rivers_marsh
D:2:      minmay_general_purpose_star, layout_loops_cross
D:3:      layout_rooms, lemuel_round_altar, overflow_temple_1_default,
          minmay_tree_intersection

Skill      XL: |  1  2  3  4 |
---------------+-------------+-----
Earth Magic    | 3 4 |  4.1
Spellcasting   | 3 |  3.9
Polearms       | |  0.1
Dodging        | |  2.9
Stealth        | |  3.0
Transmutations | |  1.3

Action                   |  1- 3 |  4- 6 || total
-------------------------+-------+-------++-------
Melee: Spear             |    15 |     4 ||    19
 Cast: Sandblast         |    51 |    32 ||    83
  Use: Potion            |       |     3 ||     3
 Stab: Sleeping          |     1 |       ||     1
Armor: Robe              |     3 |     2 ||     5
Dodge: Dodged            |    31 |     6 ||    37
